 Dungeon Crawl Stone Soup version 0.21-a0-273-g0785366 (webtiles) character file.

225656 tatters the Unseen (level 19, -4/138 HPs)
             Began as a Vampire Wanderer on Sept 15, 2017.
             Was the Champion of Dithmenos.
             Killed from afar by a titan (59 damage)
             ... with a bolt of lightning
             ... on level 1 of the Depths on Sept 17, 2017.
             The game lasted 05:24:04 (46547 turns).

tatters the Unseen (Vampire Wanderer)              Turns: 46547, Time: 05:24:05

Health: -4/138     AC: 13    Str: 10    XL:     19   Next: 0%
Magic:  30/44      EV: 24    Int: 17    God:    Dithmenos [******]
Gold:   1851       SH: 14    Dex: 23    Spells: 6/42 levels left

rFire    + + .     SeeInvis +   b - +0 demon blade (elec)
rCold    + + .     Gourm    .   k - +2 shield of Resistance {rF+ rC+ MR+}
rNeg     + + .     Faith    .   N - +1 leather armour of a treasure trove {rF+ rCorr}
rPois    +         Spirit   .   B - +2 helmet {SInv}
rElec    .         Reflect  .   e - scarf of Inquiry {MR++ Dex-3}
rCorr    +         Harm     .   c - +0 pair of gloves {Str+3}
MR       ++++.                  E - +2 pair of boots {Stlth+}
Stlth    ++++++++++             P - amulet of magic regeneration
HPRegen  0.16/turn              j - ring of magical power
MPRegen  0.54/turn              S - +5 ring of intelligence {=R}

@: about to teleport, darkness (expiring), very slightly contaminated,
regenerating slowly, wreathed by umbra
A: fangs 3, iridescent scales 1, see invisible, dopey 1, unbreathing
a: Bat Form, Shadow Step, Shadow Form, Renounce Religion


You were on level 1 of the Depths.
You worshipped Dithmenos.
Dithmenos was exalted by your worship.
You were near bloodless.

You visited 5 branches of the dungeon, and saw 22 of its levels.
You visited the Abyss 1 time.
You visited 1 bazaar.
You also visited: Labyrinth and Ice Cave.

You collected 3224 gold pieces.
You spent 1373 gold pieces at shops.

Inventory:

Hand Weapons
 a - a +2 dagger of venom
 b - a +0 demon blade of electrocution (weapon)
Missiles
 n - 28 bolts
Armour
 c - a +0 pair of gloves of strength (worn)
 e - the scarf of Inquiry (worn) {MR++ Dex-3}
   (You found it on level 1 of the Abyss)

   It affects your dexterity (-3).
   It affects your resistance to hostile enchantments.
 k - the +2 shield of Resistance (worn) {rF+ rC+ MR+}
   (You found it on level 3 of the Elven Halls)

   It protects you from fire.
   It protects you from cold.
   It affects your resistance to hostile enchantments.
 B - a +2 helmet of see invisible (worn)
 E - a +2 pair of boots of stealth (worn)
 N - the +1 leather armour of a treasure trove (worn) {rF+ rCorr}
   (You bought it in a shop on level 9 of the Dungeon)

   It protects you from fire.
   It protects you from acid and corrosion.
Jewellery
 d - an uncursed ring of wizardry
 i - an uncursed ring of flight
 j - a ring of magical power (left hand)
 P - an amulet of magic regeneration (around neck)
 S - a +5 ring of intelligence (right hand) {=R}
 U - an uncursed ring of protection from cold
 V - the ring "Uleargh" {rN+ MR+}
   (You took it off an orc warrior on level 10 of the Dungeon)

   [ring of protection from magic]

   It protects you from negative energy.
   It affects your resistance to hostile enchantments.
Wands
 g - a wand of polymorph (5/24)
 s - a wand of digging (6/24)
 A - a wand of disintegration (11/24)
 J - a wand of iceblast (13/15)
Scrolls
 f - a scroll of fear
 h - 15 scrolls of teleportation
 t - a scroll of summoning
 w - 2 scrolls of fog
 y - a scroll of identify
 M - 6 scrolls of remove curse
 Q - a scroll of blinking
Potions
 m - 5 potions of agility
 o - 12 potions of curing
 p - 6 potions of cancellation
 q - 5 potions of blood
 u - 3 potions of berserk rage
 v - a potion of resistance
 D - 2 potions of might
 H - 2 potions of heal wounds
 R - 2 potions of haste
Books
 x - a book of Battle

   Spells                             Type                      Level
   a - Infusion                       Charms                       1
   b - Shroud of Golubria             Charms/Translocation         2
   c - Song of Slaying                Charms                       2
   d - Spectral Weapon                Hexes/Charms                 3
   e - Regeneration                   Charms/Necromancy            3
Miscellaneous
 l - a sack of spiders
 r - a lightning rod (4/4)
 z - a fan of gales
 F - 3 boxes of beasts
 I - a phantom mirror
 Y - a phial of floods


   Skills:
 - Level 9.0 Fighting
 - Level 7.9(10.1) Short Blades
 - Level 9.1(10.1) Long Blades
 - Level 14.0 Dodging
 - Level 20.2 Stealth
 * Level 11.0 Shields
 - Level 12.0 Spellcasting
 - Level 17.0 Hexes
 - Level 3.2 Charms
 - Level 3.0 Translocations
 - Level 4.0 Transmutations
 - Level 4.8 Ice Magic
 - Level 4.0 Air Magic
 - Level 3.0 Earth Magic
 - Level 5.5 Invocations
 - Level 0.5 Evocations


You had 6 spell levels left.
You knew the following spells:

 Your Spells              Type           Power        Failure   Level  Hunger
a - Confuse               Hex            ######..     1%          3    None
b - Passwall              Tmut/Erth      ###.......   5%          2    None
c - Cause Fear            Hex            ######....   1%          4    ##.....
d - Invisibility          Hex            ######..     1%          6    ######.
e - Darkness              Hex            ######....   1%          6    ######.
f - Metabolic Englaciati  Hex/Ice        #####.....   4%          5    ####...
g - Silence               Hex/Air        #####.....   5%          5    ####...
h - Blink                 Tloc           N/A          7%          2    None
s - Spectral Weapon       Hex/Chrm       #####...     1%          3    None


Dungeon Overview and Level Annotations

Branches:
Dungeon (15/15)            Temple (1/1) D:6            Lair (0/6) D:11
    Orc (2/2) D:10            Elf (3/3) Orc:2        Vaults (0/5) D:14
 Depths (1/5) D:15

Altars:
Ashenzari
Cheibriados
Dithmenos
Elyvilon
Fedhas
Gozag
Hepliaklqana
Kikubaaqudgha
Makhleb
Nemelex Xobeh
Okawaru
Qazlal
Ru
Sif Muna
Trog
Uskayaw
Vehumet
Wu Jian
Xom
Yredelemnul
Zin
The Shining One
Beogh

Shops:
D:4 =   D:9 [   D:11 [%   D:15 =   Orc:2 =!*?*(

Portals:
Hell: Depths:1
Abyss: Depths:1

Annotations:
Depths:1 exclusions: deep troll shaman, salamander and 2 more exclusions


Innate Abilities, Weirdness & Mutations

You heal slowly.
You have razor-sharp teeth.
You have supernaturally acute eyesight. (SInv)
You can survive without breathing.
You are partially covered in iridescent scales. (AC +2)
You are dopey. (Int -2)


Message History

You radiate an aura of cold.
Your spectral weapon is unaffected.
The titan resists.
You feel almost devoid of blood!
The darkness around you begins to abate.
Your spectral weapon fades away.
Casting: Metabolic Englaciation
Confirm with . or Enter, or press ? or * to list all spells.
You draw out your weapon's spirit!
The titan hits you!!
Unknown command.
You slash the titan!
The titan is lightly wounded.
Your spectral weapon hits the titan!!
The titan hits you!!
A fire giant comes into view.
It is wielding a great sword of flaming.
Unknown command.
As you read the scroll of teleportation, it crumbles to dust.
You feel strangely unstable.
The titan points at you and mumbles some strange words.
The bolt of lightning misses you. The bolt of lightning hits you!
You die...

.#.#...... ##.......†).
.........####.....###)..
..........#.....#.....#.
..............##.#.###.#
.............##.8.###.♣.
............####.###.#.#
...[........#.###.#.#.##
C..C.?..(..#.8.###.⌠.###
######
##.#.##@C#.C#.#.###.###.
.#.#.#
#...#.####.#.###.#
.#.#.#
#......##.8.###.8.
#.#[#.....#
#.≈.....##.###.#.#
#.#.#....s#
#.≈≈....."#.....#.
######.#.##
#.≈..##.....#..... #T .#
#....###......#### #T #
#...## ######## #T
#...##


You could see a titan, a fire giant and a friendly spectral demon blade of
electrocution.

Vanquished Creatures
  Jorgrun (Elf:3)
  Rupert (D:15)
  2 deep elf blademasters (Elf:3)
  Asterion (Elf:3)
  2 deep elf master archers (Elf:3)
  5 tentacled starspawn (Abyss:1)
  3 fire giants
  2 orc warlords
  3 deep elf sorcerers (Elf:3)
  Louise (Depths:1)
  5 deep elf elementalists
  5 very ugly things (Depths:1)
  2 stone giants (Depths:1)
  A vampire knight (Depths:1)
  Nessos (D:13)
  6 deep elf demonologists (Elf:3)
  3 deep elf annihilators (Elf:3)
  Josephine (D:13)
  7 deep elf death magi
  A minotaur (Lab)
  2 ettins (Depths:1)
  3 hydras (D:15)
  A deep elf high priest (Elf:3)
  2 fire dragons (Depths:1)
  4 great orbs of eyes (Depths:1)
  2 rakshasas
  An ice dragon (Depths:1)
  3 vault guards (D:14)
  A hell beast (Depths:1)
  8 two-headed ogres
  Erica (Orc:1)
  5 centaur warriors
  3 tengu warriors
  A deep troll shaman (D:15)
  Urug (D:10)
  26 dancing weapons
  A deep troll earth mage (D:15)
  An orc high priest (Elf:1)
  Nergalle (D:9)
  Sonja (D:13)
  A soul eater (Depths:1)
  11 deep elf knights
  8 skeletal warriors (D:13)
  A fire crab (shapeshifter) (Depths:1)
  2 unseen horrors (D:14)
  2 glowing orange brains (Depths:1)
  A flayed ghost (Depths:1)
  4 deep trolls
  9 deep elf archers
  10 orc knights
  A wizard (Depths:1)
  4 orc sorcerers
  8 necromancers
  47 deep elf magi
  A worldbinder (Abyss:1)
  A wolf spider (D:15)
  3 cyclopes
  13 ugly things
  2 stone giant zombies (Depths:1)
  7 large abominations
  Maurice (Orc:1)
  5 centaur zombies
  A spriggan zombie (Depths:1)
  A rust devil (Depths:1)
  4 gargoyles
  2 ice statues (IceCv)
  A yaktaur zombie (Depths:1)
  3 centaur skeletons
  A rime drake (shapeshifter) (Elf:2)
  7 yaktaurs (Depths:1)
  A komodo dragon (D:13)
  An efreet (D:15)
  9 ice devils (IceCv)
  A freezing wraith (Depths:1)
  An ancient zyme (Abyss:1)
  A silent spectre (Abyss:1)
  A red devil (Depths:1)
  3 tengu conjurers
  13 trolls
  3 meliai (D:14)
  A hornet (D:13)
  Grinder (D:3)
  16 slime creatures
  A tengu simulacrum (Depths:1)
  2 hippogriffs
  An air elemental (Elf:2)
  3 wyverns
  21 yaks
  8 water elementals
  A shadow (D:14)
  7 wraiths
  A ynoxinul (Abyss:1)
  2 vampires
  2 basilisks
  2 fire elementals
  18 humans
  A golden eye (shapeshifter) (D:15)
  4 hogs (D:7)
  4 hungry ghosts
  2 vampire mosquitoes (D:13)
  Menkaure (D:5)
  15 wargs
  5 porcupines (D:11)
  Duvessa (D:7)
  13 ice beasts
  2 sky beasts
  An eye of draining (D:12)
  A black bear (D:6)
  60 orc warriors
  2 necrophages
  2 hornet zombies (D:7)
  14 ogres
  An ogre (shapeshifter) (D:15)
  4 boggarts (Depths:1)
  3 phantoms
  11 centaurs
  5 crocodiles
  Blork the orc (D:6)
  4 big kobolds
  3 elf zombies (Elf:1)
  9 bullfrogs
  A gnoll sergeant (D:10)
  5 earth elementals
  2 wyvern zombies
  Dowan (D:7)
  2 wyvern skeletons
  5 scorpions
  9 killer bees
  20 wights
  A howler monkey (D:12)
  6 crimson imps
  2 bullfrog zombies
  5 jellies
  2 quasits
  4 hounds
  28 orc priests
  19 orc wizards
  2 iguanas
  Natasha (thrice) (D:3)
  12 worker ants
  Robin (D:2)
  5 gnolls (D:10)
  13 adders
  3 shadow imps
  8 white imps
  9 ufetubi
  An ooze (D:3)
  An adder zombie (D:8)
  An adder skeleton (D:8)
  3 worms
  4 dart slugs
  4 leopard geckos
  120 orcs
  2 ball pythons (D:1)
  4 bats
  3 giant cockroaches
  12 hobgoblins
  12 jackals
  6 quokkas
  2 frilled lizards (D:3)
  9 goblins
  27 kobolds
  12 rats
  3 crawling corpses (Elf:3)
  A starspawn tentacle (Abyss:1)
968 creatures vanquished.

Vanquished Creatures (collateral kills)
  A deep elf elementalist (Elf:3)
  A wight (D:11)
2 creatures vanquished.

Vanquished Creatures (others)
  A slime creature (D:15)
  A small abomination (Abyss:1)
  A boggart (Depths:1)
  An ogre (D:8)
  A centaur (D:8)
  A killer bee (D:8)
  An adder (D:8)
  A shadow imp (D:12)
  3 white imps (IceCv)
  2 ufetubi (IceCv)
  A leopard gecko (D:8)
  5 orcs
  A kobold (D:10)
  3 bushes (D:11)
  4 fungi (D:11)
  A lurking horror (Abyss:1)
  14 plants (D:11)
  2 spectral weapons (Depths:1)
  14 starspawn tentacles (Abyss:1)
58 creatures vanquished.

Grand Total: 1028 creatures vanquished

Notes
Turn   | Place    | Note
-------+----------+-------------------------------------------
     0 | D:1      | tatters the Vampire Wanderer began the quest for the Orb.
     0 | D:1      | tatters set off with: a +2 falchion, Sif Muna's Reference Book on the Rocks, a +0 robe, a potion of blood
     0 | D:1      | Reached XP level 1. HP: 16/16 MP: 3/3
    21 | D:1      | Identified Sif Muna's Reference Book on the Rocks
    44 | D:1      | Learned a level 1 spell: Sandblast
   112 | D:1      | Reached skill level 2 in Stealth
   217 | D:1      | Reached skill level 1 in Earth Magic
   289 | D:1      | Reached XP level 2. HP: 10/22 MP: 5/5
   919 | D:2      | Reached skill level 3 in Stealth
  1060 | D:2      | Found a shimmering altar of Xom.
  1108 | D:2      | Found a sacrificial altar of Ru.
  1136 | D:2      | Reached XP level 3. HP: 27/27 MP: 6/6
  1313 | D:2      | Found a faded altar of an unknown god.
  1410 | D:2      | Found an ornate altar of the Wu Jian Council.
  1414 | D:2      | Found a basalt altar of Yredelemnul.
  1417 | D:2      | Found an ancient bone altar of Kikubaaqudgha.
  1661 | D:2      | Reached skill level 4 in Stealth
  2199 | D:3      | Learned a level 2 spell: Passwall
  2220 | D:3      | Noticed Natasha
  2247 | D:3      | Noticed Grinder
  2360 | D:3      | Reached XP level 4. HP: 31/33 MP: 7/7
  2510 | D:3      | Reached skill level 5 in Stealth
  2510 | D:3      | Reached skill level 1 in Transmutations
  2930 | D:3      | Noticed Robin
  3005 | D:2      | Killed Robin
  3392 | D:4      | Reached skill level 1 in Dodging
  3579 | D:4      | Noticed an ogre
  3769 | D:4      | Noticed an ogre
  3853 | D:4      | Found Afrutteh's Jewellery Shoppe.
  4007 | D:4      | Noticed a necrophage
  4135 | D:5      | Entered Level 5 of the Dungeon
  4153 | D:5      | Reached XP level 5. HP: 38/38 MP: 1/8
  4605 | D:5      | Noticed Menkaure
  4694 | D:5      | Noticed an ice beast
  4742 | D:5      | Reached skill level 6 in Stealth
  5291 | D:5      | Reached XP level 6. HP: 38/44 MP: 9/9
  5348 | D:6      | Noticed an orc warrior
  5710 | D:3      | Gained mutation: You are dopey. (Int -2) [potion of mutation]
  5710 | D:3      | Gained mutation: You are partially covered in iridescent scales. (AC +2) [potion of mutation]
  6415 | D:6      | Noticed Blork the orc
  6684 | D:6      | Reached skill level 7 in Stealth
  6738 | D:7      | Found a stormy altar of Qazlal.
  7525 | D:5      | Reached XP level 7. HP: 50/50 MP: 10/10
  7913 | D:5      | Killed Menkaure
  8325 | D:6      | Found a staircase to the Ecumenical Temple.
  8330 | Temple   | Entered the Ecumenical Temple
  8555 | Temple   | Became a worshipper of Dithmenos the Shadowed
  8699 | D:5      | Reached skill level 1 in Short Blades
  9630 | D:5      | Reached XP level 8. HP: 23/56 MP: 11/11
 10101 | D:7      | Noticed a hippogriff
 10126 | D:8      | Reached skill level 5 in Short Blades
 10751 | D:7      | Upgraded the game from 0.21-a0-270-g8204059 to 0.21-a0-272-g984ae92
 11249 | D:7      | Reached skill level 5 in Dodging
 11303 | D:7      | Found an opulent altar of Gozag.
 11537 | D:8      | Found a shimmering altar of Xom.
 11551 | D:8      | Reached * piety under Dithmenos
 11674 | D:7      | Learned a level 2 spell: Slow
 12095 | D:7      | Killed a hippogriff
 12095 | D:7      | Reached XP level 9. HP: 61/61 MP: 12/12
 12181 | D:7      | Reached skill level 1 in Hexes
 12298 | D:7      | Noticed Dowan
 12565 | D:8      | Found a bloodstained altar of Trog.
 12665 | D:8      | Found a deep blue altar of Sif Muna.
 12712 | D:8      | Reached skill level 5 in Hexes
 12803 | D:8      | Found a glowing golden altar of the Shining One.
 13164 | D:9      | Found a sparkling altar of Nemelex Xobeh.
 13182 | D:9      | Found Qurouleg's Antique Armour Shop.
 13193 | D:9      | Bought a warped leather armour for 154 gold pieces
 13193 | D:9      | Identified the +1 leather armour of a treasure trove {rF+ rCorr} (You bought it in a shop on level 9 of the Dungeon)
 13481 | D:9      | Noticed a troll
 13524 | D:9      | Reached ** piety under Dithmenos
 13539 | D:9      | Learned a level 4 spell: Cause Fear
 13765 | D:9      | Found a hide-covered altar of Uskayaw.
 13765 | D:9      | Noticed a troll
 13794 | D:9      | Killed a troll
 14850 | D:6      | Killed Blork the orc
 15019 | D:6      | Reached XP level 10. HP: 66/67 MP: 13/13
 15294 | D:4      | Reached skill level 10 in Hexes
 15363 | D:3      | Killed Natasha
 15411 | D:3      | Noticed Natasha
 15413 | D:3      | Killed Grinder
 15416 | D:3      | Killed Natasha
 15431 | D:3      | Noticed Natasha
 15446 | D:3      | Killed Natasha
 16078 | D:7      | Noticed Duvessa
 16389 | D:7      | Killed Dowan
 16420 | D:7      | Killed Duvessa
 17451 | D:9      | Reached *** piety under Dithmenos
 17604 | D:9      | Learned a level 6 spell: Invisibility
 17606 | D:10     | Entered Level 10 of the Dungeon
 17606 | D:10     | Found a staircase to the Orcish Mines.
 17793 | D:10     | Reached skill level 1 in Invocations
 17815 | D:10     | Reached XP level 11. HP: 67/72 MP: 13/17
 18761 | D:10     | Noticed a two-headed ogre
 18777 | D:10     | Killed a two-headed ogre
 18902 | D:10     | Noticed a two-headed ogre
 18909 | D:10     | Killed a two-headed ogre
 18909 | D:10     | Reached skill level 5 in Invocations
 18968 | D:10     | Got a faintly glowing granite ring
 18969 | D:10     | Identified the ring "Uleargh" {rN+ MR+} (You took it off an orc warrior on level 10 of the Dungeon)
 20762 | D:11     | Noticed a two-headed ogre
 20765 | D:11     | Killed a two-headed ogre
 20780 | D:11     | Found Zoynet's Armour Boutique.
 20832 | D:11     | Reached **** piety under Dithmenos
 20981 | D:11     | Reached skill level 10 in Dodging
 21053 | D:11     | Found a staircase to the Lair.
 21600 | D:11     | Noticed a two-headed ogre
 21700 | D:11     | Killed a two-headed ogre
 21700 | D:11     | Reached XP level 12. HP: 51/83 MP: 11/18
 21855 | D:12     | Learned a level 6 spell: Darkness
 21892 | D:12     | Noticed a two-headed ogre
 21896 | D:12     | Killed a two-headed ogre
 21896 | D:12     | Reached skill level 5 in Spellcasting
 21926 | D:12     | Found a flickering gateway to a bazaar.
 21934 | Bazaar   | Entered a bazaar
 21946 | Bazaar   | Found Uwnuugua's Weapon Shop.
 21973 | Bazaar   | Found Tynta's Magic Scroll Shop.
 21991 | Bazaar   | Found Ewotauc's Gadget Shoppe.
 22008 | Bazaar   | Found Geigicsa's Assorted Antiques.
 22016 | Bazaar   | Bought a scroll labeled QIOL HAL ASOTRY for 15 gold pieces
 22016 | Bazaar   | Bought an orange potion for 13 gold pieces
 22028 | Bazaar   | Found Wymia's Food Shoppe.
 22097 | Bazaar   | Bought a scroll of identify for 30 gold pieces
 22097 | Bazaar   | Bought a potion of heal wounds for 75 gold pieces
 22097 | Bazaar   | Bought a wand of confusion (?/48) for 22 gold pieces
 22097 | Bazaar   | Bought an ancient shortbow for 120 gold pieces
 22097 | Bazaar   | Bought a smoking battleaxe for 172 gold pieces
 22097 | Bazaar   | Bought a scroll of amnesia for 52 gold pieces
 22219 | D:12     | Found a frozen archway.
 22230 | D:12     | Reached skill level 15 in Hexes
 22249 | IceCv    | Entered an ice cave
 22979 | IceCv    | Noticed a reaper
 24178 | D:12     | Learned a level 3 spell: Confuse
 24211 | D:11     | Found Rimnere's Food Shoppe.
 24560 | D:12     | Found an ornate altar of the Wu Jian Council.
 24614 | D:12     | Reached skill level 5 in Long Blades
 25478 | Orc:1    | Entered Level 1 of the Orcish Mines
 25478 | Orc:1    | Noticed Urug
 25478 | Orc:1    | Noticed an orc warlord
 25501 | D:10     | Killed Urug
 25677 | Orc:1    | Noticed an orc warlord
 25895 | Orc:1    | Killed an orc warlord
 25899 | Orc:1    | Reached ***** piety under Dithmenos
 26110 | Orc:1    | Noticed Nergalle
 26201 | D:9      | Killed Nergalle
 26201 | D:9      | Reached XP level 13. HP: 88/88 MP: 4/20
 26712 | D:10     | Killed an orc warlord
 27309 | Orc:2    | Entered Level 2 of the Orcish Mines
 27432 | Orc:2    | Found a staircase to the Elven Halls.
 27720 | Orc:2    | Found a roughly hewn altar of Beogh.
 27747 | Orc:2    | Reached skill level 8 in Stealth
 27760 | Orc:2    | Found Jeariu's Magic Scroll Shoppe.
 27763 | Orc:2    | Bought a scroll of identify for 24 gold pieces
 27763 | Orc:2    | Bought a scroll of identify for 24 gold pieces
 27763 | Orc:2    | Bought a scroll of identify for 24 gold pieces
 27763 | Orc:2    | Bought a scroll of summoning for 114 gold pieces
 27834 | Orc:2    | Reached skill level 9 in Stealth
 27920 | Orc:1    | Noticed Maurice
 27927 | Orc:1    | Killed Maurice
 28033 | Orc:1    | Noticed Erica
 28166 | Orc:1    | Killed Erica
 28166 | Orc:1    | Reached skill level 10 in Stealth
 28519 | Orc:2    | Reached skill level 11 in Stealth
 28633 | Orc:2    | Reached ****** piety under Dithmenos
 28647 | Orc:2    | Found Yzavef's General Store.
 28647 | Orc:2    | Found Iwomp's Weapon Shop.
 28682 | Orc:2    | Found a roughly hewn altar of Beogh.
 28847 | Orc:2    | Reached skill level 12 in Stealth
 29235 | Orc:2    | Found a roughly hewn altar of Beogh.
 29527 | Orc:2    | Found Tuzorph's Assorted Antiques.
 29527 | Orc:2    | Found Yckibbih's Distillery.
 29570 | Orc:2    | Found Cozeics's Jewellery Emporium.
 29596 | Orc:2    | Bought a scroll of fog for 50 gold pieces
 29596 | Orc:2    | Bought a scroll of identify for 50 gold pieces
 29596 | Orc:2    | Bought a long bronze wand for 100 gold pieces
 29720 | Orc:2    | Bought a scroll of enchant armour for 112 gold pieces
 29720 | Orc:2    | Bought a scroll of blinking for 112 gold pieces
 29752 | Orc:2    | Bought a potion of haste for 110 gold pieces
 30094 | D:13     | Reached skill level 5 in Fighting
 30396 | D:13     | Found a labyrinth entrance.
 30409 | Lab      | Entered a labyrinth
 30549 | Lab      | Noticed a minotaur
 30552 | Lab      | Killed a minotaur
 30552 | Lab      | Reached XP level 14. HP: 98/98 MP: 20/24
 30638 | D:13     | Reached skill level 13 in Stealth
 30943 | D:13     | Noticed Nessos
 30964 | D:13     | Killed Nessos
 31301 | D:13     | Noticed Sonja
 31316 | D:13     | Killed Sonja
 31316 | D:13     | Reached skill level 14 in Stealth
 31793 | D:13     | Noticed Josephine
 31797 | D:13     | Reached skill level 15 in Stealth
 31801 | D:13     | Killed Josephine
 32727 | D:14     | Found a blossoming altar of Fedhas.
 32880 | D:14     | Reached skill level 16 in Stealth
 33022 | D:14     | Found a gate to the Vaults.
 33156 | D:15     | Entered Level 15 of the Dungeon
 33156 | D:15     | Found a staircase to the Depths.
 33156 | D:15     | Noticed a fire giant
 33158 | D:15     | Killed a fire giant
 33751 | D:15     | Reached skill level 17 in Stealth
 33751 | D:15     | Reached XP level 15. HP: 103/103 MP: 25/25
 33856 | D:15     | Found Leacrizi's Jewellery Shoppe.
 34056 | D:15     | Noticed Rupert
 34059 | D:15     | Paralysed by Rupert for 5 turns
 34325 | Orc:1    | Identified the cursed +3 shortbow "tatters's Doom" {speed, +Blink MR+ Int+3 Dex-4} (You bought it in a shop in a bazaar)
 34326 | Orc:1    | Identified the +8 battleaxe "Arcanum" {chop, Dex+2} (You bought it in a shop in a bazaar)
 34910 | D:15     | Killed Rupert
 35217 | Elf:1    | Entered Level 1 of the Elven Halls
 35225 | Elf:1    | Reached skill level 18 in Stealth
 35691 | Elf:1    | Reached skill level 19 in Stealth
 36015 | Elf:1    | Identified the Volume of Stolen Souls
 36396 | Elf:2    | Reached skill level 20 in Stealth
 36648 | Elf:2    | Upgraded the game from 0.21-a0-272-g984ae92 to 0.21-a0-273-g0785366
 37135 | Elf:2    | Reached XP level 16. HP: 115/115 MP: 26/26
 37303 | Elf:3    | Entered Level 3 of the Elven Halls
 37321 | Elf:3    | Noticed Jorgrun
 37322 | Elf:3    | Killed Jorgrun
 37399 | Elf:2    | Found a huge runed gate.
 37399 | Elf:2    | Found a huge runed gate.
 37399 | Elf:2    | Found a huge runed gate.
 37399 | Elf:2    | Found a huge runed gate.
 37401 | Elf:2    | Found a huge runed gate.
 37732 | Orc:1    | Learned a level 5 spell: Metabolic Englaciation
 38805 | Elf:2    | Learned a level 5 spell: Silence
 38819 | Elf:3    | Reached skill level 1 in Ice Magic
 38868 | Elf:3    | Noticed Asterion
 38887 | Elf:3    | Reached skill level 1 in Air Magic
 38926 | Elf:3    | Killed Asterion
 40026 | Elf:3    | Noticed a deep elf blademaster
 40039 | Elf:3    | Noticed a deep elf master archer
 40092 | Elf:3    | Killed a deep elf blademaster
 40271 | Elf:3    | Found the +2 shield of Resistance {rF+ rC+ MR+}
 40272 | Elf:3    | Killed a deep elf master archer
 40274 | Elf:3    | Noticed a deep elf blademaster
 40275 | Elf:3    | Reached skill level 10 in Spellcasting
 40292 | Elf:3    | Killed a deep elf blademaster
 40292 | Elf:3    | Reached XP level 17. HP: 125/125 MP: 27/31
 40651 | Elf:3    | Noticed a deep elf master archer
 40729 | Elf:3    | Killed a deep elf master archer
 40876 | Elf:3    | Found the +8 storm bow {elec}
 41310 | Elf:3    | Got an encrusted long sword {slice}
 41407 | Elf:3    | Got a translucent whip
 41470 | Elf:3    | Learned a level 2 spell: Blink
 41753 | Orc:1    | Identified the cursed +3 long sword of Keun {slice, MP+9} (You took it off a deep elf elementalist on level 3 of the Elven Halls)
 41798 | Orc:1    | Identified the +6 whip "Death Rattle" {protect, rF+ rN+} (You found it on level 3 of the Elven Halls)
 41943 | Orc:1    | Reached XP level 18. HP: 132/132 MP: 34/34
 42113 | Depths:1 | Entered Level 1 of the Depths
 42523 | Depths:1 | Reached skill level 5 in Shields
 42678 | Depths:1 | Noticed Louise
 42681 | Depths:1 | Found a one-way gate to the infinite horrors of the Abyss.
 42688 | Depths:1 | Killed Louise
 43850 | Depths:1 | Voluntarily entered the Abyss.
 43854 | Abyss:1  | Got a smoking scarf
 43925 | Abyss:1  | Identified the scarf of Inquiry {MR++ Dex-3} (You found it on level 1 of the Abyss)
 43981 | Abyss:1  | Found a viscous altar of Jiyva.
 44008 | Abyss:1  | Found a transporter.
 44014 | Abyss:1  | Found a corrupted altar of Lugonu.
 44667 | Abyss:1  | Found a corrupted altar of Lugonu.
 44841 | Abyss:1  | Found a corrupted altar of Lugonu.
 44848 | Depths:1 | Escaped the Abyss
 45294 | Depths:1 | Found a gateway to Hell.
 45471 | Depths:1 | Reached skill level 10 in Shields
 46382 | Depths:1 | Learned a level 3 spell: Spectral Weapon
 46449 | Depths:1 | Reached XP level 19. HP: 138/138 MP: 35/35
 46547 | Depths:1 | Killed from afar by a titan

Vault maps used:
D:1:      mrwooster_arrival_statue_3
D:2:      hangedman_ru_absence, old_standard_altar,
          minmay_overflow_temple_star_quad, chequers_ecumenical_altar_simple
D:3:      dk_vineyard_3, uniq_natasha, uniq_robin, uniq_grinder
D:4:      first_bread, serial_shops, nicolae_shop_statue_plus,
          kennysheep_generic_room_4
D:5:      minivault_24, kennysheep_generic_room_9, uniq_menkaure
D:6:      temple_doors_ab, uniq_blork_the_orc
D:7:      nicolae_qazlal_general_emergency, nicolae_gozag_seed_capital,
          grunt_livestock, uniq_duvessa
D:8:      tso_oasis_becter, old_standard_altar, lemuel_round_altar, st_stairs_7,
          xom_confusion_cloud
D:9:      eat_drink_and_be_merry_uskayaw, serial_shops, shop,
          nemelex_spade_bored_becter
D:10:     minmay_bloctagon, abandoned_shop, kennysheep_generic_room_2
D:11:     minmay_lair_entry_grove, serial_shops, nicolae_shop_waterfront,
          nicolae_shop_behind_doors, hangedman_decor_clover_reticule
D:12:     basic_altar, portal_ice_cave_entry_ice_beasts, serial_shops,
          freezing_bzr
D:13:     special_room, lab_entry_generic, uniq_nessos, uniq_josephine,
          uniq_sonja
D:14:     grunt_vaults_entry_tiered, fedhas_altar_2
D:15:     grunt_enter_depths_giant_problem, minmay_misc_feat_pillars,
          serial_shops, nicolae_shop_trees, minmay_misc_feat_doors, uniq_rupert
Temple:   minmay_temple_curvy_loop
Orc:1:    uniq_erica, uniq_urug, uniq_maurice, uniq_nergalle
Orc:2:    st_orc_town, serial_shops, nicolae_shop_behind_doors,
          nicolae_shop_competitors_out_of_business, hangedman_feature_mirror
Elf:1:    eino_elf_arrival_the_gate, minmay_elf_necromancy, minivault_5
Elf:3:    grunt_elf_hall_asides, corexii_leaking_fountain, uniq_asterion,
          uniq_jorgrun
Depths:1: minmay_textured_paths, nicolae_abyss_entry_one_way_or_another,
          kennysheep_pointless_box, grunt_mini_vestibule,
          grunt_decor_mini_mirrors, grunt_decor_fettered, minmay_pinched_square
Abyss:1:  gammafunk_corrupted_shrine, evilmike_abyss_exit_glass
Lab:      nicolae_lab_dead_adventurers, labyrinth_lava_lair, nicolae_lab_x,
          labyrinth_skeletal_remains, nicolae_lab_do_over, lab_hedge,
          nicolae_lab_dead_end
Bazaar:   bazaar_jpeg_ninerooms_1
IceCv:    ice_cave_small_demon

Skill      XL: |  1  2  3  4  5  6  7  8  9 10 11 12 13 14 15 16 17 18 |
---------------+-------------------------------------------------------+-----
Stealth        | 2 3 4 5 6 7 12 17 20 | 20.2
Earth Magic    | 1 2 3 |  3.0
Transmutations | 1 2 3 4 |  4.0
Fighting       | 2 4 5 7 9 |  9.0
Dodging        | 2 3 4 6 8 10 11 13 14 | 14.0
Long Blades    | 2 3 8 9 |  9.1
Short Blades   | 4 7 |  7.9
Hexes          | 9 13 14 16 17 | 17.0
Spellcasting   | 4 5 7 10 12 | 12.0
Invocations    | 1 5 |  5.5
Shields        | 4 11 | 11.0
Ice Magic      | 4 |  4.8
Air Magic      | 4 |  4.0
Translocations | 2 3 |  3.0
Charms         | |  3.2
Evocations     | |  0.5

Action                   |  1- 3 |  4- 6 |  7- 9 | 10-12 | 13-15 | 16-18 | 19-21 || total
-------------------------+-------+-------+-------+-------+-------+-------+-------++-------
Melee: Falchion          |    83 |   156 |       |       |       |       |       ||   239
       Bite              |     9 |    20 |    87 |   147 |   118 |    97 |       ||   478
       Short sword       |       |    69 |    33 |       |       |       |       ||   102
       Dagger            |       |       |   694 |  1114 |   802 |   192 |       ||  2802
       Unarmed           |       |       |     5 |       |       |       |       ||     5
       Great sword       |       |       |       |     2 |       |       |       ||     2
       Demon blade       |       |       |       |     8 |   170 |   389 |     1 ||   568
 Fire: Longbow           |       |       |       |       |       |     3 |       ||     3
Throw: Stone             |     2 |     6 |     3 |       |       |       |       ||    11
       Tomahawk          |       |       |       |     3 |       |       |       ||     3
 Cast: Sandblast         |    27 |    38 |       |       |       |       |       ||    65
       Slow              |       |       |    24 |    46 |       |       |       ||    70
       Cause Fear        |       |       |     7 |    15 |     2 |     1 |       ||    25
       Passwall          |       |       |       |    12 |    34 |    21 |       ||    67
       Invisibility      |       |       |       |    19 |    24 |    18 |       ||    61
       Confuse           |       |       |       |    14 |   122 |    58 |       ||   194
       Darkness          |       |       |       |    12 |    14 |    34 |     1 ||    61
       Silence           |       |       |       |       |       |    14 |       ||    14
       Blink             |       |       |       |       |       |    19 |       ||    19
       Metabolic Englaci |       |       |       |       |       |    10 |     3 ||    13
       Spectral Weapon   |       |       |       |       |       |     3 |     2 ||     5
Invok: Shadow Step       |       |       |       |       |     2 |       |       ||     2
       Shadow Form       |       |       |       |       |       |     1 |       ||     1
 Abil: End Transformatio |       |       |     1 |     2 |     3 |     5 |       ||    11
       Bat Form          |       |       |     1 |     2 |     3 |     5 |       ||    11
       Evoke Berserk Rag |       |       |       |       |     1 |     3 |       ||     4
Evoke: Wand              |       |       |       |     3 |       |     2 |       ||     5
       Phial of floods   |       |       |       |     1 |       |     1 |       ||     2
       Lightning rod     |       |       |       |       |       |     1 |       ||     1
  Use: Potion            |     6 |    30 |    19 |    35 |    33 |    37 |       ||   160
       Scroll            |       |    13 |     3 |     9 |     9 |    11 |     1 ||    46
 Stab: Sleeping          |     7 |     7 |    16 |    60 |   108 |    75 |       ||   273
       Distracted        |     1 |     1 |     2 |    10 |     8 |     9 |       ||    31
       Invisible         |       |     1 |       |    75 |   117 |    40 |       ||   233
       Confused          |       |       |       |     7 |    71 |    23 |       ||   101
  Eat: Corpse            |    11 |       |     2 |       |       |       |       ||    13
Armor: Robe              |    10 |       |       |    19 |     2 |       |       ||    31
       Leather armour    |       |    46 |    72 |    80 |    55 |    55 |       ||   308
Dodge: Dodged            |    64 |   115 |   343 |   729 |   549 |   362 |     2 ||  2164
Block: Buckler           |       |       |       |       |    65 |    71 |       ||   136
       Shield            |       |       |       |       |       |   118 |       ||   118
       Rpst.: Falchion   |    20 |    30 |       |       |       |       |       ||    50
       Great sword       |       |       |       |     1 |       |       |       ||     1
       Demon blade       |       |       |       |     2 |    22 |    58 |       ||    82

Table legend:
 A = Spawn XP
 B = Non-spawn XP
 C = Spawn XP percentage of total XP
 D = Spawn monster count
 E = Non-spawn monster count
 F = Spawn count percentage of total count
 G = Total turns spent on level
                    A         B        C        D         E        F      G
               +---------+---------+-------+---------+---------+-------+---------
         Total |    4030 |  295661 |   1.3 |       9 |     959 |   0.9 | 46547
               +---------+---------+-------+---------+---------+-------+---------
           D:1 |       0 |      24 |   0.0 |       0 |      17 |   0.0 |  1098
           D:2 |       0 |      62 |   0.0 |       0 |      17 |   0.0 |  1222
           D:3 |       0 |     532 |   0.0 |       0 |      43 |   0.0 |  1673
           D:4 |       0 |     447 |   0.0 |       0 |      12 |   0.0 |  1361
           D:5 |       0 |     916 |   0.0 |       0 |      18 |   0.0 |  3661
           D:6 |       0 |     683 |   0.0 |       0 |      22 |   0.0 |  1744
           D:7 |       0 |    2974 |   0.0 |       0 |      52 |   0.0 |  2927
           D:8 |       0 |     842 |   0.0 |       0 |      15 |   0.0 |  1116
           D:9 |       0 |    5497 |   0.0 |       0 |      47 |   0.0 |  4188
          D:10 |       0 |    8057 |   0.0 |       0 |      61 |   0.0 |  3168
          D:11 |       0 |    7648 |   0.0 |       0 |      54 |   0.0 |  1845
          D:12 |       0 |    5292 |   0.0 |       0 |      33 |   0.0 |  1466
          D:13 |       0 |   19066 |   0.0 |       0 |      69 |   0.0 |  1636
          D:14 |       0 |   15110 |   0.0 |       0 |      46 |   0.0 |  1292
          D:15 |       0 |   25816 |   0.0 |       0 |      51 |   0.0 |  2385
         Orc:1 |       0 |    7688 |   0.0 |       0 |      41 |   0.0 |  1601
         Orc:2 |       0 |   13428 |   0.0 |       0 |     104 |   0.0 |  2258
         Elf:1 |       0 |   17053 |   0.0 |       0 |      39 |   0.0 |  1598
         Elf:2 |       0 |   46319 |   0.0 |       0 |      69 |   0.0 |  2221
         Elf:3 |       0 |   54655 |   0.0 |       0 |      43 |   0.0 |  2442
      Depths:1 |       0 |   48868 |   0.0 |       0 |      70 |   0.0 |  2093
       Abyss:1 |    4030 |    8973 |  31.0 |       9 |       7 |  56.2 |   998
           Lab |       0 |    1578 |   0.0 |       0 |       3 |   0.0 |   189
         IceCv |       0 |    4133 |   0.0 |       0 |      26 |   0.0 |  1898
               +---------+---------+-------+---------+---------+-------+---------
